 Dungeon Crawl Stone Soup version 0.16-a0-3708-g05dc7d7 (webtiles) character file.

89 Johnny the Ducker (level 4, 0/30 HPs)
             Began as a High Elf Artificer on Jan 19, 2015.
             Slain by ConnectionFaild's ghost (1 damage)
             ... on level 4 of the Dungeon.
             The game lasted 00:04:07 (2235 turns).

Johnny the Ducker (High Elf Artificer)              Turns: 2235, Time: 00:04:07

Health: 0/30       AC:  5    Str: 10    XL:     4   Next: 31%
Magic:  9/9        EV: 12    Int: 16    God:
Gold:   110        SH:  0    Dex: 16    Spells: 0 memorised, 3 levels left

rFire  . . .     SeeInvis .     h - +0 mace (drain)
rCold  + . .     Clarity  .     p - +0 ring mail
rNeg   . . .     SustAb   .     (no shield)
rPois  .         Gourm    .     (no helmet)
rElec  .         Spirit   .     (no cloak)
rCorr  .         Warding  .     (no gloves)
rMut   .         Rnd*Tele +     (no boots)
MR     .....                    (no amulet)
Stlth  +.........               u - ring of teleportation (curse)
                                x - ring of protection from cold

@: not resistant to hostile enchantments, very unstealthy
A: no striking features
a: Evoke Teleportation


You were on level 4 of the Dungeon.
You were very hungry.

You visited 1 branch of the dungeon, and saw 4 of its levels.

You collected 110 gold pieces.

Inventory:

Hand weapons
 a - a +0 short sword
 h - a +0 mace of draining (weapon)
 w - a +0 falchion
Missiles
 o - 8 poisoned javelins (quivered)
Armour
 e - a +0 leather armour
 p - a +0 ring mail (worn)
Jewellery
 s - a +4 ring of intelligence
 u - a cursed ring of teleportation (right hand)
 x - a ring of protection from cold (left hand)
Magical devices
 b - a wand of flame (8)
 c - a wand of enslavement (14)
 d - a wand of random effects (5)
Scrolls
 j - a scroll of remove curse {unknown}
 m - a scroll of recharging {unknown}
 r - a scroll of identify {unknown}
 y - a scroll of random uselessness {unknown}
Potions
 i - a potion of haste {unknown}
 k - a potion of magic {unknown}
 q - a potion of restore abilities {unknown}
 z - a potion of lignification {unknown}
Comestibles
 f - 2 bread rations
 l - a beef jerky
 n - a fruit
 t - a slice of pizza


   Skills:
 * Level 2.3 Fighting
 + Level 2.1(2.2) Short Blades
 + Level 0.5(1.4) Long Blades
 + Level 0.8 Armour
 * Level 3.7 Dodging
 - Level 1.1 Stealth
 - Level 3.0 Evocations


You had 3 spell levels left.
You didn't know any spells.

Dungeon Overview and Level Annotations

Branches:
Dungeon (4/15)
 Temple: D:4-7

Altars:
Dithmenos
Okawaru

Annotations:
D:3 B1inky's ghost, weakling DgFi
D:4 ConnectionFaild's ghost, experienced SpAr


Message History

Evoke which item? (* to show all) (? for menu, Esc to quit)
Zapping:
c - a wand of enslavement (14)
Press: ? - help, Shift-Dir - straight line, f - you
Okay, then.
Evoke which item? (* to show all) (? for menu, Esc to quit)
Zapping:
d - a wand of random effects (7)
Press: ? - help, Shift-Dir - straight line This wand has 6 charges left.
Something hits you but does no damage. Something hits you.
* * * LOW HITPOINT WARNING * * *
Something burns you.
* * * LOW HITPOINT WARNING * * *
Evoke which item? (* to show all) (? for menu, Esc to quit)
Zapping:
d - a wand of random effects (6)
Press: ? - help, Shift-Dir - straight line The bolt of negative energy hits something.
This wand has 5 charges left.
Something hits you.
* * * LOW HITPOINT WARNING * * *
Something burns you.
You die...

#....................#....#.
#............^.......#....#.
#....................#....#.
#....................#....#.
#....................#....#.
#........#...........#######
#........#...........#.....#
#........######'##.[.#(###.#
#.........{@....####)#.#.#.#
#.........####### #.#...#.#
#####......# #.###.#.#
######.# #...#.#.# #.#
###...#.# #.# #####.. #.#
### #<# ###


There were no monsters in sight!

Vanquished Creatures
  2 adders
  2 giant geckos
  7 orcs
  A ball python (D:1)
  9 bats
  2 giant cockroaches
  5 hobgoblins
  4 jackals
  7 kobolds
  5 giant newts
  7 goblins
  10 rats
61 creatures vanquished.

Notes
Turn   | Place    | Note
--------------------------------------------------------------
     0 | D:1      | Johnny, the High Elf Artificer, began the quest for the Orb.
     0 | D:1      | Reached XP level 1. HP: 13/13 MP: 2/2
   235 | D:1      | Reached XP level 2. HP: 16/18 MP: 4/4
   911 | D:2      | Reached XP level 3. HP: 17/24 MP: 6/6
  1720 | D:2      | Found a shadowy altar of Dithmenos.
  1770 | D:3      | Found an iron altar of Okawaru.
  1901 | D:3      | Reached XP level 4. HP: 21/29 MP: 9/9
  1906 | D:3      | Noticed B1inky's ghost (weakling DgFi)
  2188 | D:4      | Noticed ConnectionFaild's ghost (experienced SpAr)
  2235 | D:4      | HP: 1/30 [something (1)]
  2235 | D:4      | Slain by ConnectionFaild's ghost

Action                   |  1- 3 |  4- 6 || total
-------------------------+-------+-------++-------
Melee: Short sword       |    20 |       ||    20
       Mace              |   123 |    29 ||   152
Evoke: Wand              |       |    18 ||    18
  Use: Potion            |       |     2 ||     2
 Stab: Sleeping          |     3 |       ||     3
  Eat: Chunk             |     3 |       ||     3
